 Dungeon Crawl Stone Soup version 0.20-a0-222-gb69ddcd (webtiles) character file.

81 KristoblXynda the Stinger (level 4, 0/33 HPs)
             Began as a Draconian Venom Mage on Nov 29, 2016.
             Slain by a worm (9 damage)
             ... on level 1 of the Dungeon.
             The game lasted 00:05:06 (2578 turns).

KristoblXynda the Stinger (Draconian Venom Mage)    Turns: 2578, Time: 00:05:07

Health: 0/33       AC:  5    Str: 10 (11) XL:     4   Next: 19%
Magic:  1/8        EV: 12    Int: 16      God:
Gold:   80         SH:  0    Dex: 11      Spells: 4/8 levels left

rFire  . . .     SeeInvis .     (no weapon)
rCold  . . .     Gourm    .     (armour unavailable)
rNeg   . . .     Faith    .     (no shield)
rPois  .         Spirit   .     (helmet restricted)
rElec  .         Reflect  .     (no cloak)
rCorr  +         Harm     .     (no gloves)
MR     .....                    (no boots)
Stlth  ++........               (no amulet)
                                (no ring)
                                k - ring of resist corrosion

@: no status effects
A: unfitting armour, talons 1, cold-blooded, AC +5
a: no special abilities


You were on level 1 of the Dungeon.
You were not hungry.

You visited 1 branch of the dungeon, and saw 2 of its levels.

You collected 80 gold pieces.

Inventory:

Missiles
 g - a throwing net (quivered)
Jewellery
 k - a ring of resist corrosion (left hand)
Scrolls
 h - a scroll of enchant armour
Potions
 c - a potion of magic
 e - a potion of lignification
 i - a potion of cure mutation
 j - 2 potions of curing
Books
 a - a Young Poisoner's Handbook

   Spells                             Type                      Level
   a - Sting                          Conjuration/Poison           1
   b - Mephitic Cloud                 Conjuration/Poison/Air       3
   c - Olgreb's Toxic Radiance        Poison                       4
   d - Alistair's Intoxication        Transmutation/Poison         5
   e - Venom Bolt                     Conjuration/Poison           5
Comestibles
 b - a bread ration
 d - 2 meat rations


   Skills:
 - Level 1.7 Dodging
 - Level 1.7 Stealth
 + Level 2.6 Spellcasting
 + Level 2.2 Conjurations
 + Level 4.7 Poison Magic


You had 4 spell levels left.
You knew the following spells:

 Your Spells              Type           Power        Failure   Level  Hunger
a - Sting                 Conj/Pois      ##..         6%          1    #......
b - Mephitic Cloud        Conj/Pois/Air  #.......     28%         3    ###....


Dungeon Overview and Level Annotations

Branches:
Dungeon (2/15)

Altars:
Makhleb

Annotations:
D:2 Sigmund, Terence


Innate Abilities, Weirdness & Mutations

Your plain brown scales are hard. (AC +5)
You cannot fit into any form of body armour.
You are cold-blooded and may be slowed by cold attacks.
You have sharp toenails.


Message History

You kill the jackal!
Casting: Sting
Confirm with . or Enter, or press ? or * to list all spells.
You don't have enough magic to cast that spell.
Unknown command.
You barely miss the worm. You claw the worm, but do no damage.
The worm is severely wounded.
You hit the worm but do no damage. You tail-slap the worm.
The worm is almost dead.
The worm barely misses you.
You barely miss the worm. You claw the worm.
The worm is almost dead.
You barely miss the worm.
The worm is almost dead.
The worm bites you!
* * * LOW HITPOINT WARNING * * *
You hit the worm but do no damage.
The worm is almost dead.
The worm bites you!
You die...

#...#####....#.# #..
#..............##### #..
#######..[....#....##....# #..
..............#....##....# #..
#######.......#######....# #..
...# #..........# #....########
##.####..###)###.####............
.........#†.)..#.................
.#.#####.#.>...#@.######.#.......
##.# #.......w..# #.#.#####. ...#
#.#.....#..# #.#.#...#. ####
#.#.....#..# #.#.#†#.#.
#.###.###.## #.#.#)#.#.
#.........# #.#.#.#.#.
#.####.#### #.#.#.#.#. #......#
#.#.#.#... ######.# #.#.....#.


You could see a worm.

Vanquished Creatures
  An adder (D:1)
  A worm (D:1)
  4 dart slugs (D:1)
  5 bats
  2 giant cockroaches (D:1)
  11 hobgoblins
  8 jackals
  A ball python (D:1)
  A frilled lizard (D:1)
  12 goblins
  4 kobolds
  2 rats (D:1)
52 creatures vanquished.

Notes
Turn   | Place    | Note
-------+----------+-------------------------------------------
     0 | D:1      | KristoblXynda the Draconian Venom Mage began the quest for the Orb.
     0 | D:1      | Reached XP level 1. HP: 14/14 MP: 3/3
   127 | D:1      | Reached XP level 2. HP: 7/20 MP: 1/5
   131 | D:1      | HP: 1/20 [goblin (2)]
   146 | D:1      | HP: 1/20 [bat (1)]
   641 | D:1      | Reached skill level 1 in Conjurations
   754 | D:1      | Gained mutation: Your body sometimes deteriorates upon taking damage. [potion of mutation]
   754 | D:1      | Gained mutation: You are frail. (-10% HP) [potion of mutation]
   754 | D:1      | Gained mutation: You have sharp toenails. [potion of mutation]
  1089 | D:1      | Reached XP level 3. HP: 23/23 MP: 3/6
  1882 | D:2      | Noticed Terence
  1891 | D:1      | Lost mutation: Your body sometimes deteriorates upon taking damage. [potion of cure mutation]
  1891 | D:1      | Lost mutation: You are frail. (-10% HP) [potion of cure mutation]
  2277 | D:2      | Noticed Sigmund
  2297 | D:1      | Reached XP level 4. HP: 29/33 MP: 0/8
  2486 | D:2      | Found a burning altar of Makhleb.
  2509 | D:1      | Learned a level 3 spell: Mephitic Cloud
  2578 | D:1      | Slain by a worm

Vault maps used:
D:1:      dpeg_arrival_morbid_curiosity, minmay_crystal_water, st_stairs_3,
          minmay_pentomino_w4
D:2:      kennysheep_slug_shrine, minmay_misc_feat_cross, bloody_makhleb,
          uniq_sigmund, uniq_terence

Skill      XL: |  1  2  3 |
---------------+----------+-----
Conjurations   | 1 2 |  2.2
Dodging        | |  1.7
Stealth        | |  1.7
Spellcasting   | |  2.6
Poison Magic   | |  4.7

Action                   |  1- 3 |  4- 6 || total
-------------------------+-------+-------++-------
Melee: Unarmed           |   151 |    19 ||   170
       Tailslap          |    13 |     1 ||    14
       Kick              |    15 |     3 ||    18
 Cast: Sting             |    55 |    21 ||    76
  Use: Potion            |     3 |       ||     3
       Scroll            |     3 |     1 ||     4
 Stab: Sleeping          |     3 |       ||     3
  Eat: Chunk             |     3 |       ||     3
       Bread ration      |     1 |       ||     1
Armor: Skin              |    63 |    15 ||    78
Dodge: Dodged            |   139 |    21 ||   160
